PL
NORTHERN VIRGINIA RAINBOW MERMAIDS @ CHARLESTON BATTERY
08/01/2042
 
TOP OF THE 1ST
Northern Virginia Rainbow Mermaids batting - Pitching for Charleston Battery : RHP Scott Morrison
Pitching: RHP Scott Morrison
Batting: LHB Jeff Washington 0-0: Ball
1-0: Called Strike
1-1: Ground out 4-3 (Groundball, 4, EV 101.9 MPH)
Batting: LHB Tony Goodwin 0-0: Ground out 6-3 (Groundball, 6MD, EV 103.8 MPH)
Batting: RHB Manuel Márquez 0-0: Ball
1-0: Ball
2-0: Swinging Strike
2-1: Called Strike
2-2: Ball
3-2: Foul Ball, location: 2F
3-2: Base on Balls
Batting: LHB Javier Seco 0-0: Ball
1-0: Foul Ball, location: 2F
1-1: Ball
2-1: Swinging Strike
2-2: Strikes out looking
Top of the 1st over - 0 runs, 0 hits, 0 errors, 1 left on base; Northern Virginia 0 - Charleston 0
BOTTOM OF THE 1ST
Charleston Battery batting - Pitching for Northern Virginia Rainbow Mermaids : RHP Jason Starkey
Pitching: RHP Jason Starkey
Batting: LHB Rafael Urrutiz 0-0: Ball
1-0: DOUBLE (Groundball, 3L, EV 106.2 MPH)
Batting: LHB Benno Luby 0-0: Swinging Strike
0-1: Called Strike
0-2: Ball
1-2: Ball
2-2: Ground out 4-3 (Groundball, 4, EV 81.2 MPH)
Rafael Urrutiz to third
Batting: LHB Joey Coco 0-0: Ball
1-0: Foul Ball, location: 2F
1-1: Ball
2-1: Ground out 4-3 (Groundball, 4, EV 90.6 MPH)
Rafael Urrutiz scores
Batting: RHB Melvin Thomas 0-0: Ball
1-0: Called Strike
1-1: Ball
2-1: Foul Ball, location: 2F
2-2: Strikes out swinging
Bottom of the 1st over - 1 run, 1 hit, 0 errors, 0 left on base; Northern Virginia 0 - Charleston 1
TOP OF THE 2ND
Northern Virginia Rainbow Mermaids batting - Pitching for Charleston Battery : RHP Scott Morrison
Batting: LHB Bill Dixon 0-0: Ground out 5-3 (Groundball, 56, EV 108.8 MPH)
Batting: LHB Rio Mence 0-0: Called Strike
0-1: Ball
1-1: Ball
2-1: Fly out, F9 (Flyball, 9, EV 91.2 MPH)
Batting: LHB Dewitt Hopper 0-0: Called Strike
0-1: Foul Ball, location: 2F
0-2: Strikes out looking
Top of the 2nd over - 0 runs, 0 hits, 0 errors, 0 left on base; Northern Virginia 0 - Charleston 1
BOTTOM OF THE 2ND
Charleston Battery batting - Pitching for Northern Virginia Rainbow Mermaids : RHP Jason Starkey
Batting: LHB Datu Lesaca 0-0: Swinging Strike
0-1: Fly out, F7 (Flyball, 7S, EV 91.2 MPH)
Batting: RHB Jaime Espinar 0-0: Called Strike
0-1: Called Strike
0-2: Foul Ball, location: 2F
0-2: Ball
1-2: Ball
2-2: Strikes out swinging
Batting: RHB Mariano Juderías 0-0: Ball
1-0: Ball
2-0: Swinging Strike
2-1: Foul Ball, location: 2F
2-2: Fly out, F9 (Line Drive, 9, EV 95.0 MPH)
Bottom of the 2nd over - 0 runs, 0 hits, 0 errors, 0 left on base; Northern Virginia 0 - Charleston 1
TOP OF THE 3RD
Northern Virginia Rainbow Mermaids batting - Pitching for Charleston Battery : RHP Scott Morrison
Batting: RHB Woong Byeon 0-0: Ball
1-0: Swinging Strike
1-1: Foul Ball, location: 2F
1-2: Foul Ball, location: 2F
1-2: Ball
2-2: Foul Ball, location: 2F
2-2: Foul Ball, location: 2F
2-2: Ground out 5-3 (Groundball, 56S, EV 65.6 MPH)
Batting: LHB Sherman Kline 0-0: Ball
1-0: Foul Ball, location: 2F
1-1: TRIPLE (Line Drive, 78XD, EV 106.9 MPH)
Batting: LHB Jeff Washington 0-0: Ball
1-0: Ground out 6-3 (Groundball, 6M, EV 93.8 MPH)
Sherman Kline scores
Batting: LHB Tony Goodwin 0-0: Swinging Strike
0-1: Ground out 5-3 (Groundball, 5L, EV 86.9 MPH)
Top of the 3rd over - 1 run, 1 hit, 0 errors, 0 left on base; Northern Virginia 1 - Charleston 1
BOTTOM OF THE 3RD
Charleston Battery batting - Pitching for Northern Virginia Rainbow Mermaids : RHP Jason Starkey
Batting: LHB Alfonso López 0-0: Ball
1-0: Called Strike
1-1: Ball
2-1: Swinging Strike
2-2: Strikes out swinging
Batting: RHB Uoti Vaijärvi 0-0: Ball
1-0: Ball
2-0: Ball
3-0: Called Strike
3-1: DOUBLE (Line Drive, 9LS, EV 106.9 MPH)
Batting: LHB Rafael Urrutiz 0-0: Swinging Strike
0-1: Ground out 4-3 (Groundball, 34, EV 86.9 MPH)
Uoti Vaijärvi to third
Batting: LHB Benno Luby 0-0: Ball
1-0: Ball
2-0: Ball
3-0: Called Strike
3-1: Swinging Strike
3-2: Strikes out looking
Bottom of the 3rd over - 0 runs, 1 hit, 0 errors, 1 left on base; Northern Virginia 1 - Charleston 1
TOP OF THE 4TH
Northern Virginia Rainbow Mermaids batting - Pitching for Charleston Battery : RHP Scott Morrison
Batting: RHB Manuel Márquez 0-0: SINGLE (Groundball, 56D, EV 95.0 MPH)
Batting: LHB Javier Seco 0-0: Called Strike
0-1: Fly out, F7 (Flyball, 7, EV 88.8 MPH)
Batting: LHB Bill Dixon 0-0: Ball
1-0: Foul Ball, location: 2F
1-1: Foul Ball, location: 2F
1-2: Strikes out looking
Batting: LHB Rio Mence 0-0: DOUBLE (Flyball, 7LD, EV 94.4 MPH)
Manuel Márquez to third
Runner from 3rd tries for Home, SAFE, throw by LF to trailing runner, OUT at third! 7-6-5
Top of the 4th over - 1 run, 2 hits, 0 errors, 0 left on base; Northern Virginia 2 - Charleston 1
BOTTOM OF THE 4TH
Charleston Battery batting - Pitching for Northern Virginia Rainbow Mermaids : RHP Jason Starkey
Batting: LHB Joey Coco 0-0: Called Strike
0-1: SINGLE (Groundball, 4D, EV 103.8 MPH)
Batting: RHB Melvin Thomas 0-0: Ball
1-0: Called Strike
1-1: Fly out, F7 (Flyball, 7S, EV 90.6 MPH)
Batting: LHB Datu Lesaca 0-0: Ball
1-0: Ground out U3 (Groundball, 3S, EV 60.0 MPH)
Joey Coco to second
Batting: RHB Jaime Espinar 0-0: Called Strike
0-1: Swinging Strike
0-2: Ball
1-2: Ball
2-2: Foul Ball, location: 2F
2-2: Ball
3-2: DOUBLE (Flyball, 8LXD, EV 101.9 MPH)
Joey Coco scores
Batting: RHB Mariano Juderías 0-0: Called Strike
0-1: Ball
1-1: Foul Ball, location: 2F
1-2: Ground out 6-3 (Groundball, 6MS, EV 86.9 MPH)
Bottom of the 4th over - 1 run, 2 hits, 0 errors, 1 left on base; Northern Virginia 2 - Charleston 2
TOP OF THE 5TH
Northern Virginia Rainbow Mermaids batting - Pitching for Charleston Battery : RHP Scott Morrison
Batting: LHB Dewitt Hopper 0-0: Swinging Strike
0-1: Ball
1-1: Called Strike
1-2: Strikes out looking
Batting: RHB Woong Byeon 0-0: Ball
1-0: Called Strike
1-1: Foul Ball, location: 2F
1-2: Ball
2-2: Strikes out swinging
Batting: LHB Sherman Kline 0-0: Ball
1-0: Ball
2-0: Called Strike
2-1: Called Strike
2-2: Strikes out swinging
Top of the 5th over - 0 runs, 0 hits, 0 errors, 0 left on base; Northern Virginia 2 - Charleston 2
BOTTOM OF THE 5TH
Charleston Battery batting - Pitching for Northern Virginia Rainbow Mermaids : RHP Jason Starkey
Batting: LHB Alfonso López 0-0: Ball
1-0: Ball
2-0: Called Strike
2-1: Ball
3-1: Base on Balls
Batting: RHB Uoti Vaijärvi 0-0: Grounds into double play, 6-4-3 (Groundball, 6, EV 87.5 MPH)
Batting: LHB Rafael Urrutiz 0-0: Ball
1-0: Foul Ball, location: 2F
1-1: Fly out, F9 (Flyball, 9LS, EV 93.8 MPH)
Bottom of the 5th over - 0 runs, 0 hits, 0 errors, 0 left on base; Northern Virginia 2 - Charleston 2
TOP OF THE 6TH
Northern Virginia Rainbow Mermaids batting - Pitching for Charleston Battery : RHP Scott Morrison
Batting: LHB Jeff Washington 0-0: Foul Ball, location: 2F
0-1: Fly out, F9 (Line Drive, 9, EV 89.4 MPH)
Batting: LHB Tony Goodwin 0-0: Ball
1-0: Ball
2-0: Called Strike
2-1: Ball
3-1: Called Strike
3-2: Fly out, F9 (Flyball, 89M, EV 91.2 MPH)
Batting: RHB Manuel Márquez 0-0: Called Strike
0-1: Ball
1-1: Foul Ball, location: 2F
1-2: Ball
2-2: Strikes out swinging
Top of the 6th over - 0 runs, 0 hits, 0 errors, 0 left on base; Northern Virginia 2 - Charleston 2
BOTTOM OF THE 6TH
Charleston Battery batting - Pitching for Northern Virginia Rainbow Mermaids : RHP Jason Starkey
Batting: LHB Benno Luby 0-0: Swinging Strike
0-1: Ball
1-1: Foul Ball, location: 2F
1-2: Foul Ball, location: 2F
1-2: Fly out, F7 (Flyball, 7, EV 84.4 MPH)
Batting: LHB Joey Coco 0-0: Called Strike
0-1: Ball
1-1: Ball
2-1: Foul Ball, location: 2F
2-2: Ball
3-2: DOUBLE (Line Drive, 89D, EV 105.6 MPH)
Batting: RHB Melvin Thomas 0-0: Called Strike
0-1: Ball
1-1: Called Strike
1-2: SINGLE (Groundball, 56S, EV 70.0 MPH) (infield hit)
Joey Coco to third
Batting: LHB Datu Lesaca 0-0: Fielders Choice at 2nd, 4-6 (Groundball, 4S, EV 88.8 MPH)
Joey Coco scores
Batting: RHB Jaime Espinar 0-0: Ball
Datu Lesaca steals 2nd base (no throw)
1-0: Ground out 6-3 (Groundball, 6, EV 86.2 MPH)
Bottom of the 6th over - 1 run, 2 hits, 0 errors, 1 left on base; Northern Virginia 2 - Charleston 3
TOP OF THE 7TH
Northern Virginia Rainbow Mermaids batting - Pitching for Charleston Battery : RHP Scott Morrison
Batting: LHB Javier Seco 0-0: Called Strike
0-1: Ground out 6-3 (Groundball, 6, EV 88.8 MPH)
Batting: LHB Bill Dixon 0-0: Ground out U3 (Groundball, 34, EV 86.2 MPH)
Batting: LHB Rio Mence 0-0: Ball
1-0: Ball
2-0: Called Strike
2-1: Ball
3-1: Foul Ball, location: 2F
3-2: Foul Ball, location: 2F
3-2: Fly out, F9 (Flyball, 9D, EV 102.5 MPH)
Top of the 7th over - 0 runs, 0 hits, 0 errors, 0 left on base; Northern Virginia 2 - Charleston 3
BOTTOM OF THE 7TH
Charleston Battery batting - Pitching for Northern Virginia Rainbow Mermaids : RHP Jason Starkey
Batting: RHB Mariano Juderías 0-0: Ball
1-0: SINGLE (Line Drive, 8RS, EV 103.1 MPH)
Batting: LHB Alfonso López 0-0: Bunted foul
0-1: Sac Bunt to 15S - play at second, runner OUT! 1-6
Batting: RHB Uoti Vaijärvi 0-0: Called Strike
0-1: Ball
1-1: Ball
2-1: Ball
3-1: Called Strike
3-2: SINGLE (Line Drive, 8RS, EV 107.5 MPH)
Alfonso López to second
Pitching: LHP Ramon Wuilink
Batting: LHB Rafael Urrutiz 0-0: Ball
1-0: Foul Ball, location: 2F
1-1: Ball
2-1: Fielders Choice at 2nd, 4-6 (Groundball, 34, EV 90.0 MPH)
Alfonso López to third
Batting: LHB Benno Luby 0-0: Reached on error, E4 (Groundball, 4, EV 100.6 MPH)
Alfonso López scores
Rafael Urrutiz to second
Batting: LHB Joey Coco 0-0: Ball
1-0: Ball
2-0: Called Strike
2-1: Ball
3-1: Base on Balls
Rafael Urrutiz to third
Benno Luby to second
Pitching: RHP Nick Rollins
Batting: RHB Melvin Thomas 0-0: Called Strike
0-1: Ball
1-1: Ball
2-1: Fielders Choice at 2nd, 6-4 (Groundball, 6, EV 86.2 MPH)
Bottom of the 7th over - 1 run, 2 hits, 1 error, 3 left on base; Northern Virginia 2 - Charleston 4
TOP OF THE 8TH
Northern Virginia Rainbow Mermaids batting - Pitching for Charleston Battery : RHP Scott Morrison
Pitching: LHP Amberlan Romubio
Batting: LHB Dewitt Hopper 0-0: Ball
1-0: Ground out 4-3 (Groundball, 4, EV 101.2 MPH)
Batting: RHB Woong Byeon 0-0: Called Strike
0-1: DOUBLE (Flyball, 89XD, EV 86.9 MPH)
Batting: LHB Sherman Kline 0-0: Called Strike
0-1: Ball
1-1: Ball
2-1: Swinging Strike
2-2: Strikes out looking
Pitching: RHP Branlyn Jaraba
Batting: LHB Jeff Washington 0-0: Ground out U3 (Groundball, 3, EV 87.5 MPH)
Top of the 8th over - 0 runs, 1 hit, 0 errors, 1 left on base; Northern Virginia 2 - Charleston 4
BOTTOM OF THE 8TH
Charleston Battery batting - Pitching for Northern Virginia Rainbow Mermaids : RHP Nick Rollins
Batting: LHB Datu Lesaca 0-0: Ball
1-0: Called Strike
1-1: SINGLE (Groundball, 4MD, EV 95.0 MPH)
Batting: RHB Jaime Espinar 0-0: Bunted foul
0-1: Sac Bunt to P - play at first, batter OUT! 1-4
Datu Lesaca to second
Batting: RHB Mariano Juderías 0-0: Intentional Walk
Batting: LHB Alfonso López 0-0: Fielders Choice at 2nd, 1-6 (Groundball, P, EV 91.2 MPH)
Datu Lesaca to third
Batting: RHB Uoti Vaijärvi 0-0: Called Strike
0-1: Ball
1-1: Ball
2-1: Ball
3-1: Called Strike
3-2: Base on Balls
Alfonso López to second
Batting: LHB Rafael Urrutiz 0-0: Swinging Strike
0-1: Ground out 1-3 (Groundball, 15, EV 83.8 MPH)
Bottom of the 8th over - 0 runs, 1 hit, 0 errors, 3 left on base; Northern Virginia 2 - Charleston 4
TOP OF THE 9TH
Northern Virginia Rainbow Mermaids batting - Pitching for Charleston Battery : RHP Branlyn Jaraba
Batting: LHB Tony Goodwin 0-0: Ball
1-0: Ground out 4-3 (Groundball, 34, EV 99.4 MPH)
Batting: RHB Manuel Márquez 0-0: Ball
1-0: Ball
2-0: Ball
3-0: Called Strike
3-1: Fly out, F7 (Flyball, 7D, EV 87.5 MPH)
Batting: LHB Javier Seco 0-0: Foul Ball, location: 2F
0-1: Ball
1-1: Foul Ball, location: 2F
1-2: Strikes out swinging
Top of the 9th over - 0 runs, 0 hits, 0 errors, 0 left on base; Northern Virginia 2 - Charleston 4
Friday, March 26th, 2021 - OOTP Baseball 20.8 Build 74